 Dungeon Crawl Stone Soup version 0.31-a0-240-gb923e448b6 (webtiles) character file.

Game seed: 537280275498958566

35 qw the Shooter (level 3, -1/29 HPs)
             Began as a Minotaur Hexslinger on July 11, 2023.
             Slain by an orc
             ... wielding a +1 vampiric dagger
              (2 damage)
             ... on level 3 of the Dungeon.
             The game lasted 00:00:31 (1598 turns).

qw the Shooter (Minotaur Hexslinger)                Turns: 1598, Time: 00:00:31

Health: -1/29      AC:  5    Str: 12    XL:     3   Next: 16%
Magic:  3/3        EV: 11    Int: 10    God:
Gold:   112        SH:  0    Dex: 14    Spells: 3/4 levels left

rFire   . . .        Y - +2 shortbow
rCold   . . .        (shield currently unavailable)
rNeg    . . .        e - +0 ring mail
rPois   .            (helmet restricted)
rElec   .            (no cloak)
rCorr   .            (no gloves)
SInv    .            (no boots)
Will    +....        (no amulet) Stlth
                     d - ring of willpower
HPRegen 0.24/turn    (no ring)
MPRegen 0.08/turn

%: no passive effects
@: confused
A: horns 2, retaliatory headbutt, mutation resistance 1
a: no special abilities


You were on level 3 of the Dungeon.
You visited 1 branch of the dungeon, and saw 3 of its levels.

You collected 112 gold pieces.


Innate Abilities, Weirdness & Mutations

You have a pair of horns on your head.
You reflexively headbutt those who attack you in melee.
You are somewhat resistant to further mutation.


   Skills:
 - Level 2.0 Fighting
 + Level 3.7 Ranged Weapons
 - Level 2.1 Dodging
 - Level 1.0 Spellcasting
 - Level 2.0 Hexes


You had 3 spell levels left.
You knew the following spells:

 Your Spells              Type           Power      Damage    Failure   Level
a - Slow                  Hex            16%        N/A       34%         1

Your spell library contained the following spells:

 Spells                   Type           Power      Damage    Failure   Level
 Inner Flame              Hex/Fire       2%         N/A       83%         3
 Portal Projectile        Hex/Tloc       4%         N/A       83%         3
 Cause Fear               Hex            2%         N/A       98%         4

Inventory:

Hand Weapons
 Y - a +2 shortbow (weapon)
Armour
 e - a +0 ring mail (worn)
Jewellery
 d - a ring of willpower (left hand)
Scrolls
 b - a scroll of revelation {unknown}
 f - a scroll of identify
 h - a scroll of teleportation
Potions
 a - a potion of enlightenment {unknown}
 c - a potion of mutation
 g - a potion of lignification {unknown}

Dungeon Overview and Level Annotations

Branches:
Dungeon (3/15)

Altars:

Shops:
D:1 *


Message History

The arrow barely misses the orc.
An endoplasm comes into view.
The orc wizard hits you but does no damage.
You shoot an arrow.
The arrow closely misses the orc wizard.
The orc wizard closely misses you.
The orc hits you with a +1 vampiric dagger.
You shoot an arrow.
The arrow hits the orc but does no damage.
The orc is heavily wounded.
The orc hits you with a +0 flail.
The orc wizard hits you but does no damage.
The orc closely misses you.
The orc wizard hits you with a +0 dagger.
The orc barely misses you. The orc closely misses you.
You shoot an arrow. The arrow barely misses the orc.
The orc wizard hits you with a +0 dagger.
The orc hits you with a +0 flail. The orc hits you but does no damage.
You shoot an arrow. The arrow barely misses the orc.
The orc wizard barely misses you. The orc closely misses you.
You furiously retaliate!
You headbutt the orc. You shoot an arrow.
The arrow hits the orc but does no damage.
The orc is heavily wounded.
The orc wizard hits you with a +0 dagger.
The orc barely misses you. The orc closely misses you.
The orc hits you with a +1 vampiric dagger. x2
The orc misses you. The orc closely misses you.
The orc wizard gestures at you while chanting.
You are confused.
The orc wizard hits you but does no damage.
The orc misses you. The orc barely misses you.
The orc hits you but does no damage. The orc hits you but does no damage.
The orc misses you. The orc hits you with a +0 flail.
The orc wizard hits you but does no damage.
The orc wizard closely misses you. The orc hits you with a +0 flail.
The orc hits you but does no damage.
The orc hits you with a +1 vampiric dagger.
You die...

........# .. ........#
....... .. ........+
....... .. ........#
....... .. ........#
....... .. ........#
..[.... .. ........#
....... ..
........##o...... ..
.####....@oJ..... ..
#....oo...... ##
#............ ##
#####........# #.
#....###'### #.
#..............##.
#####..............##.
#..................##.
#.....###..........##.


You could see an orc wizard, 3 orcs and an endoplasm.

Vanquished Creatures
  A worm (D:2)
  An endoplasm (D:1)
  4 giant cockroaches (D:1)
  2 hobgoblins
  A jackal (D:2)
  5 kobolds
  A quokka (D:3)
  2 ball pythons (D:1)
  5 bats
  2 frilled lizards
  5 goblins
  3 rats (D:2)
32 creatures vanquished.

Notes
Turn   | Place    | Note
-------+----------+-------------------------------------------
     0 | D:1      | qw the Minotaur Hexslinger began the quest for the Orb.
     0 | D:1      | Reached XP level 1. HP: 16/16 MP: 1/1
     0 | D:1      | 0 ||| qw: Version: 0.3-a-52-g30416fa
     0 | D:1      | 0 ||| qw: Game counter: 6023
     0 | D:1      | 0 ||| qw: Melee chars always use a shield: true
     0 | D:1      | 0 ||| qw: God list: Okawaru
     0 | D:1      | 0 ||| qw: Allow faded altars: false
     0 | D:1      | 0 ||| qw: Do Orc after clearing Dungeon:15 true
     0 | D:1      | 0 ||| qw: Do second Lair branch before Depths: true
     0 | D:1      | 0 ||| qw: Lair rune preference: random
     0 | D:1      | 0 ||| qw: Goals: Normal
     0 | D:1      | 0 ||| PLANNING D:1-11
    67 | D:1      | Found Ykot Coe's Assorted Antiques.
    83 | D:1      | 83 ||| SHOPLISTING brass wand (128 gold, have 17).
    83 | D:1      | 83 ||| SHOPLISTING lumpy ruby potion (28 gold, have 17).
    83 | D:1      | 83 ||| SHOPLISTING scroll labelled XAEPAAWYLO (32 gold,
                  | have 17).
    83 | D:1      | 83 ||| SHOPLISTING scroll labelled YTIGUEBY IKIMY (32 gold,
                  | have 17).
   150 | D:1      | Reached skill level 3 in Ranged Weapons
   187 | D:1      | Reached XP level 2. HP: 23/23 MP: 2/2
   442 | D:1      | 442 ||| SWAPPING to +0 shortbow.
   443 | D:1      | 443 ||| DROPPING +1 sling.
   526 | D:1      | 526 ||| UPGRADING to +0 ring mail.
   536 | D:1      | 536 ||| DROPPING +0 robe.
   537 | D:1      | 537 ||| READING 2 scrolls labelled XAEPAAWYLO.
   542 | D:1      | 542 ||| READING scroll labelled NEXAQ XUIKAHO.
   543 | D:1      | 543 ||| READING scroll labelled EDILYA QADGHAUD.
   544 | D:1      | 544 ||| READING scroll labelled YTIGUEBY IKIMY.
   545 | D:1      | 545 ||| DROPPING scroll of poison.
   946 | D:2      | Reached XP level 3. HP: 29/29 MP: 3/3
  1354 | D:2      | 1354 ||| UPGRADING to ring of willpower.
  1355 | D:2      | 1355 ||| READING scroll labelled VULUAMUECU.
  1356 | D:2      | 1356 ||| READING scroll labelled NOAL IMAFI.
  1357 | D:2      | 1357 ||| READING scroll labelled IPSOER DOKKO.
  1358 | D:2      | 1358 ||| DRINKING 2 grey potions.
  1358 | D:2      | Gained mutation: You are somewhat resistant to further
                  | mutation. [potion of mutation]
  1493 | D:3      | 1493 ||| READING scroll of enchant weapon.
  1493 | D:3      | 1493 ||| ENCHANTING +1 shortbow.
  1597 | D:3      | HP: 6/29 [orc/+0 flail (3)]
  1598 | D:3      | HP: 1/29 [orc/+0 flail (6)]
  1598 | D:3      | Slain by an orc

Levels and vault maps discovered:
D:1:      matt_arrival_refuge, layout_rooms, serial_shops,
          nicolae_shop_gibbet_a_chance, minmay_liquid_box, moated_statue,
          minmay_shallow_snake_nest
D:2:      layout_basic, minmay_unequal
D:3:      layout_basic, basic_ecumenical_altar

Skill      XL: |  1  2 |
---------------+-------+-----
Ranged Weapons | 3 |  3.7
Fighting       | 2 |  2.0
Dodging        | |  2.1
Spellcasting   | |  1.0
Hexes          | |  2.0

Action                     || total
---------------------------++-------
   Fire: Sling             ||    28
         Shortbow          ||    60
    Use: Scroll            ||     8
         Potion            ||     1
 Armour: Robe              ||     1
         Ring mail         ||    13
  Dodge: Dodged            ||    39

Table legend:
 A = Non-vault XP
 B = Vault XP
 C = Vault XP percentage of total XP
 D = Non-vault monster count
 E = Vault monster count
 F = Vault count percentage of total count
                 A         B        C        D         E       F
            +---------+---------+-------+---------+---------+-------
      Total |      40 |      10 |  20.0 |      24 |       8 |  25.0
            +---------+---------+-------+---------+---------+-------
        D:1 |      22 |       2 |   8.3 |      13 |       2 |  13.3
        D:2 |      13 |       8 |  38.1 |       7 |       6 |  46.2
        D:3 |       5 |       0 |   0.0 |       4 |       0 |   0.0
            +---------+---------+-------+---------+---------+-------
